 Dungeon Crawl Stone Soup version 0.31.0-9-g3a7656b989 (webtiles) character file.

Game seed: 3786772157899152480

697715 RepoMan the Acrobat (level 26, -22/174 HPs)
             Began as a Vampire Fire Elementalist on Jan 24, 2024.
             Was the Champion of Sif Muna.
             Killed by dispel undead
             ... invoked by a Tzitzimitl
              (82 damage)
             ... in Pandemonium on Jan 26, 2024.
             The game lasted 11:00:28 (74282 turns).

RepoMan the Acrobat (Vampire Fire Elementalist)    Turns: 74282, Time: 11:00:29

Health: -22/174    AC: 20    Str: 10    XL:     26   Next: 86%
Magic:  36/62      EV: 44    Int: 36    God:    Sif Muna [******]
Gold:   3218       SH:  0    Dex: 35    Spells: 3/60 levels left

rFire   + + .        d - +7 Spriggan's Knife {stab, EV+4 Stlth+}
rCold   + + +        S - orb of the Hart {guile, rF++ MP+9}
rNeg    + + +        s - +1 faerie dragon scales {Regen+ rCorr Dex+7 Stlth+}
rPois   ∞            i - +3 crown of Dyrovepreva {rElec Int+2 SInv}
rElec   +            e - +4 dragonskin cloak
rCorr   +            x - +1 pair of gloves
SInv    +            h - +4 pair of boots of the Bard {Will++ Dex+3}
Will    +++..        Q - amulet of magic regeneration Stlth **++++++++
                     r - ring of Vuki {rElec Will+ MP+9 Int+3}
HPRegen 0.00/turn    V - ring of the King {rC+ Int+6 Dex+5 Slay+2}
MPRegen 0.78/turn

%: no passive effects
@: bloodless, inhibited regen, studying 2 skills
A: bloodless, fangs 3, see invisible, vampiric 2, agile 1, deformed body, strong
1, wild magic 1, MP-powered wands
}: 6/15 runes: decaying, serpentine, slimy, silver, golden, glowing
a: Bat Form, Revivify, Renounce Religion, Channel Magic, Forget Spell, Divine
Exegesis


You were in Pandemonium.
You worshipped Sif Muna.
Sif Muna was exalted by your worship.
You visited 13 branches of the dungeon, and saw 58 of its levels.
You visited Pandemonium 1 time, and saw 10 of its levels.
You also visited: Gauntlet, Ice Cave and Wizlab.

You collected 11151 gold pieces.
You spent 7933 gold pieces at shops.

Inventory:

Hand Weapons
 d - the +7 Spriggan's Knife (weapon) {stab, EV+4 Stlth+}
   (You took it off a yaktaur on level 3 of the Vaults)

   Stab:      It is more effective when stabbing unaware enemies, sometimes
   treating them as though they were completely helpless.
   EV+4:      It affects your evasion (+4).
   Stlth+:    It makes you more stealthy.
 g - the +7 hand cannon "Mule" {flame, backblast, rF+}
   (You bought it in a shop on level 1 of the Dungeon)

   rF+:       It protects you from fire.
Missiles
 n - 10 curare-tipped darts
 A - 5 silver javelins
Armour
 e - the +4 dragonskin cloak (worn)
   (You took it off Tiamat on level 3 of the Realm of Zot)

   Avatar's Aegis: It grants the wearer a chance to resist fire, cold, poison,
   electricity, acid, and negative energy.
 h - the +4 pair of boots of the Bard (worn) {Will++ Dex+3}
   (You found it in a wizard's laboratory)

   Dex+3:     It affects your dexterity (+3).
   Will++:    It greatly increases your willpower.
 i - the +3 crown of Dyrovepreva (worn) {rElec Int+2 SInv}
   (You found it on level 5 of the Pits of Slime)

   Int+2:     It affects your intelligence (+2).
   rElec:     It insulates you from electricity.
   SInv:      It lets you see invisible.
 s - the +1 faerie dragon scales (worn) {Regen+ rCorr Dex+7 Stlth+}
   (You took it off the Enchantress on level 4 of the Depths)

   Dex+7:     It affects your dexterity (+7).
   Regen+:    It increases your rate of health regeneration.
   rCorr:     It protects you from acid and corrosion.
   Stlth+:    It makes you more stealthy.
 w - a +2 kite shield of protection
 x - a +1 pair of gloves (worn)
 y - the +0 pair of gloves of Kaixzioj {rF++ Slay-5}
   (You found it on level 3 of the Depths)

   Slay-5:    It affects your accuracy & damage with ranged weapons and melee
   (-5).
   rF++:      It greatly protects you from fire.
 E - a +2 cloak of willpower
 S - the orb of the Hart (worn) {guile, rF++ MP+9}
   (You found it on level 3 of the Elven Halls)

   rF++:      It greatly protects you from fire.
   MP+9:      It affects your magic capacity (+9).
 W - a +0 pair of boots of flying
Jewellery
 f - the amulet of the Four Winds {rN+ Will+++ Clar}
   (You took it off a tengu conjurer on level 3 of the Depths)

   [amulet of nothing]

   rN+:       It protects you from negative energy.
   Will+++:   It greatly increases your willpower.
   Clar:      It protects you from confusion, rage, mesmerisation and fear.
 r - the ring of Vuki (left hand) {rElec Will+ MP+9 Int+3}
   (You took it off a fire giant on level 3 of the Depths)

   [ring of magical power]

   Int+3:     It affects your intelligence (+3).
   rElec:     It insulates you from electricity.
   Will+:     It increases your willpower.
   MP+9:      It affects your magic capacity (+9).
 Q - an amulet of magic regeneration (around neck)
 T - the ring "Jeumimp" {rN+ rCorr Dex+6}
   (You took it off a naga warrior on level 3 of the Snake Pit)

   [ring of dexterity]

   Dex+6:     It affects your dexterity (+6).
   rN+:       It protects you from negative energy.
   rCorr:     It protects you from acid and corrosion.
 V - the ring of the King (right hand) {rC+ Int+6 Dex+5 Slay+2}
   (You acquired it on level 3 of the Snake Pit)

   [ring of intelligence]

   Int+6:     It affects your intelligence (+6).
   Dex+5:     It affects your dexterity (+5).
   Slay+2:    It affects your accuracy & damage with ranged weapons and melee
   (+2).
   rC+:       It protects you from cold.
 Z - a +6 ring of strength
Wands
 B - a wand of digging (36)
 H - a wand of flame (107)
 J - a wand of roots (32)
 M - a wand of light (25)
 U - a wand of paralysis (46)
Scrolls
 a - 14 scrolls of immolation
 j - 7 scrolls of revelation
 m - 4 scrolls of fog
 t - 6 scrolls of fear
 D - 21 scrolls of teleportation
 G - 9 scrolls of enchant armour
 K - 10 scrolls of poison
 N - 8 scrolls of amnesia
 Y - 11 scrolls of vulnerability
Potions
 c - 5 potions of ambrosia
 k - 10 potions of might
 l - 5 potions of enlightenment
 p - 4 potions of mutation
 q - 3 potions of magic
 u - a potion of cancellation
 v - 3 potions of invisibility
 z - 3 potions of resistance
 C - 5 potions of brilliance
 F - 4 potions of haste
 I - 23 potions of curing
 O - 10 potions of heal wounds
Miscellaneous
 b - a figurine of a ziggurat
 P - a tin of tremorstones (2/2)
 R - a phantom mirror
 X - a phial of floods


   Skills:
 + Level 20.2 Fighting
 - Level 13.3 Short Blades
 - Level 4.4 Armour
 - Level 23.3 Dodging
 - Level 17.7 Stealth
 - Level 4.4 Shields
 + Level 17.5 Spellcasting
 + Level 10.5 Conjurations
 - Level 21.1 Hexes
 - Level 4.4 Summonings
 - Level 5.5 Translocations
 * Level 17.7 Fire Magic
 - Level 5.5 Alchemy
 - Level 13.6 Invocations


You had 3 spell levels left.
You knew the following spells:

 Your Spells              Type           Power      Damage    Failure   Level
b - Blink                 Tloc           100%       N/A       1%          2
e - Enfeeble              Hex            63%        N/A       1%          7
g - Apportation           Tloc           100%       N/A       1%          1
i - Inner Flame           Hex/Fire       100%       N/A       1%          3
m - Iskenderun's Mystic   Conj/Tloc      86%        2d17      1%          4
p - Fulminant Prism       Conj/Alch      43%        3d19      1%          4
q - Foxfire               Conj/Fire      100%       2x1d9     1%          1
r - Scorch                Fire           100%       2d9       1%          2
t - Confusing Touch       Hex            100%       N/A       1%          3
x - Irradiate             Conj/Alch      43%        3d26      3%          5
y - Yara's Violent Unrav  Hex/Alch       52%        3d20      1%          5
D - Discord               Hex            63%        N/A       3%          8
G - Summon Blazeheart Go  Fire/Summ      98%        N/A       1%          4
I - Ignition              Fire           59%        3d16      12%         8

Your spell library contained the following spells:

 Spells                   Type           Power      Damage    Failure   Level
 Kiss of Death            Conj/Necr      100%       2d13      1%          1
 Magic Dart               Conj           100%       1d8       1%          1
 Shock                    Conj/Air       100%       1d9       1%          1
 Slow                     Hex            100%       N/A       1%          1
 Sting                    Conj/Alch      100%       1d9       1%          1
 Summon Small Mammal      Summ           100%       N/A       1%          1
 Call Imp                 Summ           100%       N/A       1%          2
 Ensorcelled Hibernation  Hex/Ice        100%       N/A       1%          2
 Jinxbite                 Hex            100%       N/A       1%          2
 Lesser Beckoning         Tloc           100%       N/A       1%          2
 Mercury Vapours          Alch/Air       100%       N/A       1%          2
 Momentum Strike          Conj/Tloc      100%       3d10      1%          2
 Searing Ray              Conj           100%       2d8       1%          2
 Static Discharge         Conj/Air       100%       3-8/arc   1%          2
 Call Canine Familiar     Summ           70%        N/A       1%          3
 Dazzling Flash           Conj/Hex       100%       N/A       1%          3
 Gell's Gravitas          Tloc           75%        N/A       1%          3
 Hailstorm                Conj/Ice       74%        3d13      1%          3
 Mephitic Cloud           Conj/Alch/Air  74%        N/A       1%          3
 Sigil of Binding         Hex            100%       N/A       1%          3
 Stone Arrow              Conj/Erth      100%       3d13      1%          3
 Teleport Other           Tloc           75%        N/A       1%          3
 Tukima's Dance           Hex            100%       N/A       1%          3
 Volatile Blastmotes      Fire/Tloc      100%       2d18      1%          3
 Cigotuvi's Dreadful Rot  Necr/Alch/Air  100%       N/A       2%          2
 Freeze                   Ice            100%       1d10      3%          1
 Necrotise                Necr           100%       1d9       3%          1
 Sandblast                Erth           82%        2d17      3%          1
 Summon Ice Beast         Ice/Summ       57%        N/A       3%          3
 Sublimation of Blood     Necr           41%        N/A       4%          2
 Frozen Ramparts          Ice            82%        1d13      8%          3
 Fugue of the Fallen      Necr           41%        N/A       8%          3
 Ozocubu's Armour         Ice            41%        N/A       8%          3
 Passwall                 Erth           41%        N/A       8%          3
 Swiftness                Air            41%        N/A       8%          3
 Vampiric Draining        Necr           41%        2d8       8%          3
 Anguish                  Hex/Necr       48%        N/A       1%          4
 Cause Fear               Hex            63%        N/A       1%          4
 Dimensional Bullseye     Hex/Tloc       52%        N/A       1%          4
 Flame Wave               Conj/Fire      100%       2d21      1%          4
 Ignite Poison            Fire/Alch      99%        N/A       1%          4
 Sticky Flame             Fire/Alch      99%        2d15      1%          4
 Fireball                 Conj/Fire      53%        3d21      1%          5
 Iskenderun's Battlesphe  Conj           96%        2d14      1%          5
 Metabolic Englaciation   Hex/Ice        48%        N/A       1%          5
 Silence                  Hex/Air        48%        N/A       1%          5
 Summon Mana Viper        Hex/Summ       100%       N/A       1%          5
 Starburst                Conj/Fire      53%        6d14      1%          6
 Brom's Barrelling Bould  Conj/Erth      74%        2d9       3%          4
 Manifold Assault         Tloc           75%        N/A       3%          4
 Olgreb's Toxic Radiance  Alch           75%        N/A       3%          4
 Passage of Golubria      Tloc           75%        N/A       3%          4
 Alistair's Intoxication  Alch           50%        N/A       8%          5
 Leda's Liquefaction      Alch/Erth      30%        N/A       9%          4
 Petrify                  Alch/Erth      61%        N/A       9%          4
 Vhi's Electric Charge    Tloc/Air       100%       N/A       9%          4
 Arcjolt                  Conj/Air       37%        1d47      9%          5
 Summon Forest            Summ/Tloc      36%        N/A       10%         5
 Animate Armour           Summ/Erth      100%       N/A       11%         4
 Martyr's Knell           Necr/Summ      57%        N/A       11%         4
 Summon Lightning Spire   Summ/Air       57%        N/A       11%         4
 Plasma Beam              Fire/Air       44%        2x1d58    11%         6
 Freezing Cloud           Conj/Ice/Air   32%        6-21      16%         5
 Airstrike                Air            20%        2d(3-19)  24%         4
 Animate Dead             Necr           41%        N/A       24%         4
 Dispel Undead            Necr           41%        3d16      24%         4
 Orb of Destruction       Conj           48%        9d13      26%         7
 Dispersal                Tloc           37%        N/A       34%         6
 Eringya's Noxious Bog    Alch           37%        4d6       34%         6
 Bombard                  Conj/Erth      37%        9d6       36%         6
 Conjure Ball Lightning   Conj/Air       37%        3x3d12    36%         6
 Summon Cactus Giant      Summ           35%        N/A       47%         6
 Borgnjor's Vile Clutch   Necr/Erth      20%        N/A       52%         5
 Curse of Agony           Necr           41%        N/A       52%         5
 Lee's Rapid Deconstruct  Erth           20%        3d12*     52%         5
 Spellforged Servitor     Conj/Summ      42%        N/A       63%         7
 Sculpt Simulacrum        Ice/Alch       30%        N/A       71%         6
 Malign Gateway           Summ/Tloc      36%        N/A       92%         7
 Monstrous Menagerie      Summ           35%        N/A       96%         7
 Summon Hydra             Summ           35%        N/A       96%         7
 Death Channel            Necr           20%        N/A       97%         6
 Fire Storm               Conj/Fire      53%        8d14      99%         9
 Haunt                    Necr/Summ      28%        N/A       100%        7
 Ozocubu's Refrigeration  Ice            20%        4d12      100%        7
 Disjunction              Tloc           37%        N/A       100%        8
 Infestation              Necr           20%        N/A       100%        8
 Lehudib's Crystal Spear  Conj/Erth      37%        10d9      100%        8
 Maxwell's Capacitive Co  Air            20%        ∞         100%        8
 Summon Horrible Things   Summ           35%        N/A       100%        8
 Chain Lightning          Conj/Air       37%        3d49      100%        9
 Dragon's Call            Summ           35%        N/A       100%        9
 Polar Vortex             Ice            20%        12d2*     100%        9
 Shatter                  Erth           20%        3d18*     100%        9


Dungeon Overview and Level Annotations

Branches:
Dungeon (15/15)            Temple (1/1) D:5            Lair (5/5) D:10
  Swamp (4/4) Lair:3        Snake (4/4) Lair:3        Slime (5/5) Lair:4
    Orc (2/2) D:9             Elf (3/3) Orc:2        Vaults (5/5) D:13
  Crypt (3/3) Vaults:2       Tomb (3/3) Crypt:3      Depths (4/4) D:15
    Zot (4/5) Depths:4      IceCv (visited)          WizLab (visited)
Gauntlet (visited)

Altars:
Ashenzari
Cheibriados
Dithmenos
Fedhas
Gozag
Hepliaklqana
Kikubaaqudgha
Makhleb
Nemelex Xobeh
Okawaru
Qazlal
Ru
Sif Muna
Trog
Uskayaw
Vehumet
Wu Jian
Xom
Yredelemnul
Lugonu

Shops:
D:1 ?*(?[[   D:2 :   D:10 =   D:11 *   Orc:2 (=*[   Snake:2 *(   Snake:3 *?*
Vaults:3 ?   Depths:1 :   Depths:4 =::

Portals:
Hell: Depths:1 Depths:2 Depths:3 Depths:4
Abyss: D:11 Depths:2 Depths:3
Pandemonium: Depths:2
Ziggurat: Depths:2
Trove: Elf:2 (give 5 potions of resistance)

Annotations:
D:11 2 runed translucent doors, Erica
Lair:1 exclusions: door and downstairs
Lair:3 2 transporters, raetorn's ghost, journeyman DjFE
Swamp:1 exclusion: 2 downstairs
Swamp:3 exclusion: 2 downstairs
Orc:1 exclusion: downstairs
Elf:2 3 runed translucent doors
Vaults:1 exclusion: downstairs
Vaults:3 2 transporters, GordonOverkill's ghost, adept FoDe
Depths:1 exclusion: downstairs
Pan Mennas


Innate Abilities, Weirdness & Mutations

You do not regenerate when monsters are visible.
You are frail without blood (-20% HP).
You can heal yourself when you bite living creatures.
You are immune to poison.
You have razor-sharp teeth.
You have supernaturally acute eyesight. (SInv)
You are afflicted with vampirism and can become a bat while bloodless.
You are agile. (Dex +4, Str/Int -1)
Armour fits poorly on your strangely shaped body.
Your muscles are strong. (Str +4, Int/Dex -1)
Your spells are a little harder to cast, but a little more powerful.
You expend magic power (3 MP) to strengthen your wands.


Message History

The balrug is heavily wounded.
You hear a roar!
Casting: Yara's Violent Unravelling (mildly dangerous; 1% risk of failure)
Confirm with . or Enter, or press ? or * to list all spells.
Aiming: Enfeeble (mildly dangerous; 1% risk of failure)
Press: ? - help, Shift-Dir - straight line, f/p - balrug
Aim: a balrug, wielding a +1 demon whip of venom (heavily wounded, misshapen and mutated, will inflict weakness and antimagic, chance to daze and blind: 71%)
The balrug is enfeebled!
The balrug completely misses you.
You puncture the balrug!
The balrug is heavily wounded.
The balrug is lost in a daze.
The helpless balrug fails to defend itself.
You perforate the balrug like a sieve!!!!!
You kill the balrug!
Sif Muna accepts your kill.
A Tzitzimitl comes into view.
There is an open door here.
Casting: Enfeeble (mildly dangerous; 1% risk of failure)
Confirm with . or Enter, or press ? or * to list all spells.
Aiming: Enfeeble (mildly dangerous; 1% risk of failure)
Press: ? - help, Shift-Dir - straight line, f - Tzitzimitl
Aim: a Tzitzimitl (will inflict weakness and antimagic)
The Tzitzimitl partially resists.
The Tzitzimitl is enfeebled!
The Tzitzimitl gestures at you.
You convulse!
Okay, then.
Unknown command.
Unknown command.
Press: ? - help, v - describe, . - travel
Here: a Tzitzimitl (weak, magic disrupted)
An open door.
Unknown command.
You feel much better. The Tzitzimitl gestures at you.
You convulse!
* * * LOW HITPOINT WARNING * * *
You feel much better. The Tzitzimitl gestures at you.
You convulse!
You die...

..#....$# # .#.....##.
.'.....#^## .'.....#..
#.....#.. ......#.....'..
#.....'. #.....##'####..
#####....)# .....#.....###
....'......# #....'.....#.#
....#......# ....#.....#..
....###1##########'###.....'..
....'......#.@.......#....)#..
....#......##......).#.....#..
#'###.......1........#.....#..
#.......).##.......'....####
#..........#.......#...##
+..........##......#..##
#...........#......#.##
#...........##########
#############


You could see a Tzitzimitl (weak, magic disrupted).

Vanquished Creatures
  2 pandemonium lords (Pan)
  Ignacio (Pan)
  Mnoleg (Pan)
  An ancient lich (Vaults:5)
  Tiamat (Zot:3)
  An orb of fire (Zot:1)
  A juggernaut (Depths:3)
  3 royal mummies
  Vv (Depths:2)
  Boris (Depths:4)
  Parghit (Depths:3)
  A curse toe (Zot:4)
  A caustic shrike (Depths:3)
  Margery (Vaults:3)
  Saint Roka (Vaults:4)
  7 golden dragons
  Jory (Crypt:2)
  An electric golem (Zot:1)
  A Tzitzimitl (Pan)
  A Brimstone Fiend (Pan)
  9 tentacled monstrosities
  2 walking earthen tomes
  A deep elf blademaster (Elf:3)
  A deep elf master archer (Elf:3)
  A walking frostbound tome (WizLab)
  2 quicksilver dragons
  9 liches
  8 sphinxes
  3 titans
  4 ancient champions
  4 acid blobs
  5 death cobs
  The ghost of Forgeling the Bewitcher, an adept FeEn of Dithmenos (Vaults:2)
  2 Executioners (Pan)
  Kirke (Snake:1)
  5 storm dragons
  A thorn hunter (Swamp:1)
  8 shadow dragons
  3 tengu reavers
  A strange machine (WizLab)
  2 azure jellies
  19 nagarajas
  Aizul (Snake:1)
  2 rockslimes (Slime:5)
  6 fire giants
  A fenstrider witch (Swamp:2)
  2 demonspawn warmongers (Pan)
  6 protean progenitors
  5 frost giants
  3 revenants
  3 draconian knights
  A balrug (Pan)
  3 iron dragons
  A deep elf sorcerer (Elf:2)
  10 vault wardens
  2 draconian shifters (Depths:4)
  3 deep elf elementalists (Elf:3)
  3 ghost moths
  2 reapers (Pan)
  A broodmother (Zot:3)
  5 cacodemons (Pan)
  A curse skull (Crypt:2)
  4 ghouls
  9 ironbound preservers
  3 spriggan defenders
  12 stone giants
  2 draconian stormcallers
  5 formless jellyfish
  5 vampire knights
  A demonspawn blood saint (Pan)
  7 ironbound thunderhulks
  A juggernaut skeleton (Crypt:2)
  A green draconian (Zot:4)
  2 black draconians
  3 deep elf demonologists
  2 deep elf death magi
  2 demonspawn black suns (Pan)
  3 deep elf annihilators
  A purple draconian (Zot:3)
  A yellow draconian (Zot:4)
  3 eleionomae
  4 bennus (Tomb:2)
  2 dire elephants
  5 lorocyprocas (Pan)
  6 bunyips
  2 red draconians
  3 white draconians
  A war gargoyle (Vaults:5)
  2 spark wasps
  5 green deaths (Pan)
  A mummy priest (Tomb:1)
  A merfolk impaler (Depths:3)
  5 ettins
  A quicksilver dragon zombie (Crypt:3)
  A shambling mangrove (Swamp:4)
  5 eidola
  6 fire dragons
  4 jiangshi
  5 yaktaur captains
  10 rakshasas
  3 vault guards
  7 great orbs of eyes
  2 ghost crabs
  A fenstrider witch zombie (Tomb:1)
  3 ice dragons
  7 anacondas
  2 spriggan skeletons
  7 ironbound frosthearts
  19 hydras
  4 ogre magi
  3 catoblepae
  2 spriggan air magi
  10 alligators
  2 death knights (Vaults:2)
  3 boulder beetles
  5 centaur warriors
  20 dancing weapons
  2 tengu warriors (D:15)
  10 two-headed ogres
  10 death scarabs
  A deep troll shaman (Lair:5)
  A bennu skeleton (Crypt:3)
  A vampire mage (Crypt:2)
  11 death yaks
  A spriggan berserker (Depths:3)
  14 naga warriors
  3 orc high priests (Orc:2)
  An occultist (Depths:2)
  A hell knight (Depths:4)
  A sun demon (Pan)
  An iron troll (Depths:1)
  2 shock serpents
  7 deep elf knights
  9 naga sharpshooters
  5 skysharks
  3 soul eaters
  19 skeletal warriors
  2 shadow wraiths
  2 sixfirhies
  A spriggan druid (Swamp:2)
  15 deep trolls
  5 sea snakes
  4 glowing orange brains
  3 goliath frogs
  2 salamander mystics (Snake:2)
  4 bog bodies
  3 arcanists
  10 mana vipers
  3 flayed ghosts
  A mana viper (shapeshifter) (Depths:3)
  A shadow dragon zombie (Crypt:2)
  8 naga ritualists
  A steelbarb worm (shapeshifter) (Vaults:5)
  8 ironbound convokers
  4 swamp dragons
  9 orc knights
  16 deep elf pyromancers
  A bunyip skeleton (Tomb:1)
  4 deep elf archers
  8 phantasmal warriors
  3 necromancers
  4 lindwurms
  Pikel (D:5)
  16 ugly things
  A harpy (Vaults:1)
  11 deep elf zephyrmancers
  4 orc sorcerers
  14 salamanders
  A large abomination (Pan)
  A tengu skeleton (Vaults:4)
  A stone giant skeleton (Crypt:3)
  4 cyclopes
  2 manticores
  10 will-o-the-wisps
  Maurice (D:8)
  2 shining eyes
  A naga zombie (Tomb:3)
  9 meliai
  11 elephants
  A guardian serpent (shapeshifter) (Vaults:5)
  11 guardian serpents
  42 black mambas
  An iron dragon skeleton (Crypt:1)
  6 kobold blastminers
  A human skeleton (Vaults:4)
  15 moths of wrath
  3 eyes of devastation (Zot:3)
  7 vault sentinels
  A centaur skeleton (Crypt:3)
  A rust devil (Pan)
  2 torpor snails
  11 naga magi
  2 hellions (Pan)
  A death yak zombie (Crypt:3)
  4 orange demons (Pan)
  14 cane toads
  2 smoke demons (Pan)
  4 yaktaurs
  A black draconian zombie (Crypt:2)
  A human zombie (Vaults:2)
  7 komodo dragons
  An alligator snapping turtle skeleton (Crypt:3)
  6 rime drakes
  5 freezing wraiths
  An efreet (D:14)
  10 guardian mummies
  6 tengu conjurers
  A red devil (Pan)
  2 kobold demonologists
  A red draconian skeleton (Crypt:3)
  A bloated husk (Swamp:3)
  A catoblepas skeleton (Crypt:2)
  A troll (shapeshifter) (Elf:1)
  10 trolls
  A great orb of eyes zombie (Crypt:1)
  Grinder (D:5)
  2 hellwings (Pan)
  5 tyrant leeches
  6 polar bears
  Prince Ribbit (D:8)
  A guardian serpent zombie (Crypt:1)
  11 hornets
  A human simulacrum (Vaults:4)
  13 blink frogs
  2 fire giant simulacra
  An ettin zombie (Crypt:2)
  8 dream sheep
  14 slime creatures
  A centaur simulacrum (Tomb:3)
  5 wraiths
  10 spriggans
  8 water elementals
  A shadow (D:10)
  2 ushabtiu (Tomb:2)
  Eustachio (D:4)
  3 fire elementals
  7 hogs (Snake:1)
  3 wargs
  49 yaks
  4 ynoxinuls
  3 fire bats (Swamp:4)
  7 basilisks
  Grum (D:8)
  3 wyverns
  22 vampire mosquitoes
  2 neqoxecs (Pan)
  35 nagas
  2 chaos spawn (Pan)
  2 glowing shapeshifter zombies
  10 swamp worms
  A swamp worm (shapeshifter) (Depths:4)
  A naga skeleton (Crypt:2)
  11 water moccasins
  A glowing shapeshifter skeleton (Crypt:1)
  4 swamp drakes
  2 ice beasts
  16 orc warriors
  An ice beast (shapeshifter) (Vaults:5)
  3 black bears
  3 laughing skulls
  22 wolves
  A lindwurm skeleton (Crypt:1)
  2 ogres
  11 centaurs
  4 lemures
  8 kobold brigands
  A brain worm (Pan)
  2 earth elementals (Elf:2)
  12 bullfrogs
  A gnoll sergeant (D:7)
  9 wights
  A lindwurm simulacrum (IceCv)
  3 killer bees (D:7)
  A raiju zombie (Crypt:3)
  A shapeshifter zombie (Crypt:1)
  7 howler monkeys
  2 komodo dragon simulacra (IceCv)
  4 hounds
  2 jellies
  13 orc priests
  3 sleepcaps
  2 iguanas (D:5)
  Natasha (twice) (D:3)
  19 orc wizards
  A tengu zombie (Crypt:2)
  A crocodile skeleton (Crypt:1)
  21 mummies
  A howler monkey zombie (Crypt:3)
  7 gnolls
  5 adders
  An acid dragon simulacrum (IceCv)
  An adder (shapeshifter) (D:15)
  A swamp drake zombie (Crypt:2)
  4 white imps
  6 ufetubi
  2 steam dragon simulacra (IceCv)
  3 ribbon worms
  7 dart slugs
  74 orcs
  8 bats
  8 endoplasms
  6 giant cockroaches
  4 goblins
  8 hobgoblins
  3 jackals (D:2)
  6 quokkas
  13 ball pythons
  4 frilled lizards
  A hobgoblin skeleton (Crypt:1)
  32 kobolds
  4 rats
  2 foxfires
1575 creatures vanquished.

Vanquished Creatures (collateral kills)
  the Royal Jelly (Slime:5)
  An orb of fire (Zot:3)
  8 royal mummies
  2 golden dragons
  the Enchantress (Depths:4)
  A bone dragon (Depths:4)
  A hellephant (Vaults:3)
  Norris (Vaults:3)
  A Brimstone Fiend (Pan)
  2 liches
  2 electric golems (Zot:3)
  3 tentacled monstrosities
  An Ice Fiend (Pan)
  3 quicksilver dragons
  3 titans (Vaults:5)
  3 acid blobs (Slime:5)
  A deep elf blademaster (Elf:3)
  A deep elf master archer (Elf:3)
  An ancient champion (Crypt:3)
  4 sphinxes
  4 death cobs
  A tengu reaver (Depths:3)
  A storm dragon (Depths:4)
  5 shadow dragons
  A thorn hunter (Swamp:3)
  5 azure jellies (Slime:5)
  10 rockslimes (Slime:5)
  A draconian monk (Zot:3)
  A protean progenitor (Zot:3)
  4 revenants
  4 draconian shifters
  A draconian knight (Zot:3)
  2 deep elf sorcerers
  2 fire giants
  2 ghost moths
  4 frost giants
  2 orc warlords
  3 cacodemons (Pan)
  2 draconian stormcallers
  8 vault wardens
  4 curse skulls
  10 ironbound preservers
  5 draconian annihilators
  9 very ugly things
  A deep elf elementalist (Depths:3)
  A broodmother (Zot:3)
  2 ghouls (Crypt:3)
  3 ironbound thunderhulks
  2 quicksilver oozes (Slime:5)
  3 spriggan defenders
  A deep elf demonologist (Elf:3)
  A demonspawn black sun (Pan)
  4 demonspawn blood saints (Pan)
  7 green draconians
  7 deep elf death magi
  A bennu (Tomb:2)
  An eleionoma (Swamp:4)
  6 stone giants
  2 vampire knights
  2 dire elephants (Depths:4)
  6 black draconians
  A bunyip (Swamp:4)
  11 purple draconians
  5 white draconians
  10 yellow draconians
  6 red draconians
  3 spark wasps (Depths:2)
  A blizzard demon (Pan)
  3 jiangshi
  A deep elf high priest (Elf:3)
  6 ettins
  11 mummy priests
  A green death (Pan)
  7 fire dragons
  An entropy weaver (Vaults:3)
  3 great orbs of eyes
  5 yaktaur captains
  3 rakshasas
  3 spriggan air magi
  5 ice dragons
  2 hydras (Swamp:4)
  26 vault guards
  2 alligators (shapeshifter)
  2 centaur warriors (Vaults:1)
  4 alligators
  2 ogre magi (Vaults:5)
  2 peacekeepers
  A boulder beetle (Depths:4)
  15 death scarabs
  2 tengu warriors
  4 deep troll earth magi
  4 deep troll shamans
  4 vampire magi
  An orc high priest (Vaults:4)
  4 spriggan berserkers
  4 hell knights
  4 deep elf knights
  8 spriggans
  2 sun demons (Pan)
  A shock serpent (Snake:4)
  14 skeletal warriors
  3 sixfirhies (Pan)
  7 iron trolls
  A goliath frog (Swamp:3)
  43 deep trolls
  A glowing orange brain (Depths:3)
  A bunyip zombie (Tomb:3)
  A flayed ghost (Depths:3)
  2 skysharks (Vaults:3)
  5 arcanists
  2 mana vipers (Pan)
  3 deep elf archers
  A bog body (Crypt:1)
  11 ironbound convokers
  5 shadow demons (Pan)
  A bunyip skeleton (Tomb:2)
  5 swamp dragons (Swamp:4)
  7 lindwurms
  7 orc knights
  A necromancer (Depths:2)
  7 deep elf zephyrmancers
  3 phantasmal warriors
  3 harpies (Vaults:1)
  A lightning spire (Zot:3)
  8 deep elf pyromancers
  4 moths of wrath
  A shining eye (Slime:1)
  2 orc sorcerers
  20 ugly things
  A meliai (Depths:3)
  An iron dragon zombie (Tomb:1)
  2 will-o-the-wisps (Swamp:4)
  4 vault sentinels
  An eye of devastation (Slime:5)
  5 orange demons (Pan)
  4 smoke demons (Pan)
  2 freezing wraiths (Vaults:5)
  A centaur skeleton (Crypt:2)
  38 yaktaurs
  3 tengu conjurers
  A tormentor (Depths:2)
  20 guardian mummies
  3 merfolk (Zot:3)
  2 hellwings (Pan)
  2 trolls (Vaults:5)
  6 hornets
  4 glass eyes
  A tyrant leech (Swamp:3)
  A snapping turtle (shapeshifter) (Vaults:5)
  3 ynoxinuls (Pan)
  40 slime creatures
  A fire dragon skeleton (Crypt:2)
  2 water elementals
  2 wraiths
  25 ushabtiu
  3 neqoxecs (Pan)
  2 chaos spawn (Pan)
  2 vampire mosquitoes (Swamp:1)
  4 swamp worms
  A naga zombie (Tomb:1)
  A human zombie (Vaults:2)
  2 nagas (Snake:4)
  6 swamp drakes (Swamp:4)
  2 human skeletons
  4 orc warriors (Vaults:5)
  7 laughing skulls
  An ogre (Vaults:5)
  A boggart (Elf:1)
  A torpor snail zombie (Crypt:1)
  A necrophage (Crypt:1)
  An earth elemental (Elf:3)
  A salamander skeleton (Crypt:2)
  A polar bear zombie (Crypt:2)
  2 orc priests
  28 mummies
  A lava snake skeleton (Crypt:2)
  2 orcs (Vaults:5)
  2 foxfires (D:2)
  A fulminant prism (Tomb:3)
784 creatures vanquished.

Vanquished Creatures (others)
  A juggernaut (Depths:3)
  5 royal mummies (Tomb:3)
  An eldritch tentacle (Pan)
  A tengu reaver (Vaults:5)
  An ancient champion (Tomb:3)
  A death cob (Zot:3)
  A shadow dragon (Vaults:5)
  A storm dragon (Depths:2)
  A draconian monk (Zot:2)
  A frost giant (Depths:3)
  2 fire giants (Depths:2)
  3 ironbound preservers
  A ghoul (Crypt:1)
  A cacodemon (Pan)
  2 draconian annihilators
  2 stone giants (Vaults:5)
  A vampire knight (Depths:3)
  A green draconian (Zot:2)
  3 very ugly things
  A deep elf death mage (Vaults:3)
  A black draconian (Zot:3)
  A deep elf annihilator (Elf:3)
  A dire elephant (Depths:4)
  A spark wasp (Depths:2)
  A white draconian (Zot:3)
  A bennu (Tomb:2)
  A blizzard demon (Pan)
  4 mummy priests (Tomb:3)
  A jiangshi (Crypt:2)
  2 ettins
  An ice dragon (Depths:3)
  A fire dragon (Depths:3)
  2 ironbound frosthearts
  2 spriggan air magi
  A naga warrior (Snake:4)
  A deep troll shaman (Depths:2)
  A deep troll earth mage (Depths:3)
  2 spriggan berserkers
  A tengu warrior (Depths:3)
  2 deep elf knights (Elf:2)
  2 skeletal warriors
  2 spriggan druids (Swamp:4)
  3 deep trolls
  A swamp dragon (Swamp:4)
  A deep elf archer (Elf:1)
  An ironbound convoker (Vaults:2)
  3 lindwurms
  A bog body (Swamp:4)
  3 necromancers
  A meliai (Depths:3)
  2 vault sentinels
  2 smoke demons (Pan)
  4 yaktaurs
  A tormentor (Pan)
  9 guardian mummies
  A bloated husk (Swamp:4)
  A hellwing (Pan)
  A tyrant leech (Swamp:4)
  2 hornets
  A slime creature (Slime:4)
  4 spriggans
  2 neqoxecs (Pan)
  2 nagas (Snake:4)
  A swamp drake (Swamp:4)
  A laughing skull (Crypt:2)
  4 mummies
  34 blazeheart cores
  1770 foxfires
1919 creatures vanquished.

Grand Total: 4278 creatures vanquished

Notes
Turn   | Place    | Note
-------+----------+-------------------------------------------
     0 | D:1      | RepoMan the Vampire Fire Elementalist began the quest for
                  | the Orb.
     0 | D:1      | Reached XP level 1. HP: 13/13 MP: 3/3
    54 | D:1      | Found Fulidibb's Weapon Boutique.
   202 | D:1      | Reached XP level 2. HP: 19/19 MP: 1/5
   256 | D:1      | Found Hosman's Magic Scroll Boutique.
   330 | D:1      | Learned a level 2 spell: Scorch
   366 | D:1      | Found Zofil's Assorted Antiques.
   382 | D:1      | Reached skill level 1 in Conjurations
   403 | D:1      | Found a faded altar of an unknown god.
   497 | D:1      | Found Vuffaq's Armour Shop.
   512 | D:1      | Found Cekhlug's Antique Armour Boutique.
   714 | D:1      | Gained mutation: You are afflicted with vampirism and can
                  | become a bat while bloodless. [Vampire growth]
   714 | D:1      | Reached XP level 3. HP: 24/24 MP: 4/6
   758 | D:1      | Found The Oracle's Delphic Readings.
  1197 | D:2      | Found Guoc's Book Emporium.
  1213 | D:2      | Learned a level 3 spell: Inner Flame
  1254 | D:2      | You fall into a shaft and drop 1 floor!
  1679 | D:2      | Reached skill level 1 in Hexes
  1719 | D:2      | Reached XP level 4. HP: 30/30 MP: 4/7
  2393 | D:3      | Reached XP level 5. HP: 22/35 MP: 1/8
  2470 | D:3      | Noticed Natasha
  3996 | D:4      | Noticed Eustachio
  4472 | D:1      | Bought a scroll of teleportation for 33 gold pieces
  4472 | D:1      | Bought a scroll of identify for 22 gold pieces
  4472 | D:1      | Bought a scroll of noise for 11 gold pieces
  4472 | D:1      | Bought a scroll of fog for 44 gold pieces
  4472 | D:1      | Bought a scroll of fear for 44 gold pieces
  4535 | D:1      | Bought a scroll of identify for 24 gold pieces
  4688 | D:5      | Entered Level 5 of the Dungeon
  4688 | D:5      | Noticed a centaur
  4697 | D:5      | Noticed a lemure
  4697 | D:5      | Noticed a lemure
  4697 | D:5      | Noticed Grinder
  4738 | D:5      | Gained mutation: You are vulnerable to cold. (rC-) [potion
                  | of mutation]
  4785 | D:5      | Killed a centaur
  4786 | D:5      | Reached skill level 3 in Dodging
  4786 | D:5      | Reached XP level 6. HP: 32/41 MP: 3/9
  4853 | D:5      | Learned a level 3 spell: Confusing Touch
  5013 | D:5      | Found a staircase to the Ecumenical Temple.
  5022 | Temple   | Entered the Ecumenical Temple
  5218 | D:5      | Noticed an ice beast
  5419 | D:5      | Reached skill level 5 in Fire Magic
  5512 | D:5      | Reached skill level 4 in Dodging
  5512 | D:5      | Reached XP level 7. HP: 41/46 MP: 1/10
  5532 | D:5      | Noticed Pikel
  5730 | D:5      | Reached skill level 1 in Fighting
  5823 | D:5      | Reached skill level 5 in Hexes
  6113 | D:5      | Paralysed by Grinder for 5 turns
  6124 | D:5      | Killed Grinder
  6125 | D:5      | Reached XP level 8. HP: 56/56 MP: 5/12
  6843 | D:5      | Killed Pikel
  6919 | D:3      | Killed Natasha
  6920 | D:3      | Reached skill level 5 in Dodging
  7142 | D:1      | Bought a scroll of identify for 24 gold pieces
  9172 | D:7      | Reached XP level 9. HP: 51/51 MP: 4/13
  9522 | D:7      | Found a sacrificial altar of Ru.
  9595 | D:7      | Reached skill level 6 in Dodging
  9877 | D:8      | Noticed Maurice
  9882 | D:8      | Killed Maurice
  9883 | D:8      | Reached skill level 5 in Short Blades
 10191 | D:8      | Noticed Prince Ribbit
 10194 | D:8      | Noticed Grum
 10285 | D:8      | Killed Grum
 10432 | D:8      | Reached skill level 7 in Dodging
 10506 | D:8      | Killed Prince Ribbit
 10507 | D:8      | Reached skill level 5 in Fighting
 10586 | D:8      | Noticed a manticore
 10591 | D:8      | Killed a manticore
 10592 | D:8      | Reached XP level 10. HP: 28/59 MP: 8/14
 11068 | D:9      | Noticed a two-headed ogre
 11075 | D:9      | Killed a two-headed ogre
 11227 | D:9      | Reached skill level 8 in Dodging
 11530 | D:9      | Found a radiant altar of Vehumet.
 11777 | D:9      | Found an ancient bone altar of Kikubaaqudgha.
 11907 | D:9      | Found a staircase to the Orcish Mines.
 12958 | D:10     | Entered Level 10 of the Dungeon
 12981 | D:10     | Noticed a two-headed ogre
 13102 | D:10     | Reached skill level 9 in Dodging
 13189 | D:10     | Noticed an elephant
 13235 | D:10     | Killed an elephant
 13355 | D:10     | Noticed a two-headed ogre
 13368 | D:10     | Killed a two-headed ogre
 13369 | D:10     | Reached XP level 11. HP: 67/67 MP: 15/15
 13689 | D:10     | Found a staircase to the Lair.
 13703 | D:10     | Killed a two-headed ogre
 13801 | D:10     | Found Coaleom's Jewellery Shop.
 14171 | D:4      | Found a shimmering blue altar of Sif Muna.
 14195 | D:4      | Killed Eustachio
 14202 | D:4      | Got Sif Muna's Encyclopedia of Injury
 14204 | D:4      | Became a worshipper of Sif Muna the Loreminder
 14215 | D:4      | Found a bloodstained altar of Trog.
 14379 | D:1      | Bought a scroll of identify for 24 gold pieces
 14379 | D:1      | Bought a scroll of identify for 24 gold pieces
 14379 | D:1      | Bought a scroll of poison for 48 gold pieces
 14442 | D:1      | Bought a masterwork orb for 420 gold pieces
 14442 | D:1      | Identified the orb of Jaukisam {guile, rN+} (You bought it
                  | in a shop on level 1 of the Dungeon)
 14442 | D:1      | Bought a fading leather armour for 210 gold pieces
 14442 | D:1      | Identified the +1 leather armour of the Wereyak {rN+ Int+3
                  | Dex-5} (You bought it in a shop on level 1 of the Dungeon)
 14457 | D:1      | Learned a level 2 spell: Blink
 14895 | Lair:1   | Entered Level 1 of the Lair of Beasts
 14902 | Lair:1   | Noticed a death yak
 14929 | Lair:1   | Found the +4 skin of Zhor {*Englaciate rC+++ SInv}
 14972 | Lair:1   | Reached skill level 10 in Dodging
 15185 | Lair:1   | Noticed a death yak
 15185 | Lair:1   | Noticed a death yak
 15343 | Lair:1   | Noticed a death yak
 15644 | D:10     | Killed a death yak
 15685 | D:10     | Killed a death yak
 15988 | D:10     | Killed a death yak
 15989 | D:10     | Reached skill level 10 in Short Blades
 15989 | D:10     | Reached skill level 5 in Spellcasting
 16197 | D:10     | Killed a death yak
 16580 | Lair:1   | Reached XP level 12. HP: 75/75 MP: 7/20
 16653 | Lair:1   | Reached * piety under Sif Muna
 16796 | Lair:1   | Reached skill level 11 in Dodging
 16981 | Lair:1   | Reached skill level 1 in Invocations
 18557 | Lair:2   | Reached skill level 10 in Hexes
 18852 | Lair:2   | Reached ** piety under Sif Muna
 19485 | Lair:3   | Noticed raetorn's ghost (journeyman DjFE)
 19495 | Lair:3   | Found a bloodstained altar of Trog.
 19496 | Lair:3   | Identified the staff of Efewech {Str-2 Dex+3 Conj Air
                  | Alchemy}
 19502 | Lair:3   | Found a transporter.
 19521 | Lair:3   | Found a transporter.
 19698 | Lair:3   | Noticed an eight-headed hydra
 20168 | D:1      | Bought a buckler for 135 gold pieces
 20177 | D:1      | Learned a level 3 spell: Volatile Blastmotes
 20221 | D:1      | Bought a scroll of identify for 38 gold pieces
 20522 | Lair:3   | Reached skill level 1 in Shields
 20532 | Lair:3   | Reached skill level 1 in Translocations
 20699 | Lair:3   | Reached XP level 13. HP: 66/81 MP: 18/22
 20708 | Lair:3   | Found a staircase to the Swamp.
 20711 | Lair:3   | Found a hide-covered altar of Uskayaw.
 20711 | Lair:3   | Found an ornate altar of the Wu Jian Council.
 20993 | Lair:3   | Identified the +1 scale mail of Trumpets {Rampage rF+}
 21286 | Lair:4   | Found a staircase to the Slime Pits.
 21310 | Lair:4   | You fall into a shaft and drop 1 floor!
 21310 | Lair:5   | Entered Level 5 of the Lair of Beasts
 21965 | Lair:4   | Reached skill level 12 in Dodging
 22003 | Lair:4   | Reached skill level 10 in Fighting
 22096 | Lair:4   | Reached *** piety under Sif Muna
 23073 | Lair:5   | Reached skill level 13 in Dodging
 23338 | Lair:5   | Reached **** piety under Sif Muna
 23915 | Lair:5   | Reached XP level 14. HP: 90/90 MP: 18/23
 24601 | Lair:5   | Identified the +2 leather armour of Dawn {rF++}
 24887 | Orc:1    | Entered Level 1 of the Orcish Mines
 25093 | Orc:1    | Reached skill level 14 in Dodging
 25356 | Orc:1    | You fall into a shaft and drop 1 floor!
 25356 | Orc:2    | Entered Level 2 of the Orcish Mines
 25356 | Orc:2    | Found a gate leading to a gauntlet.
 25356 | Orc:2    | Found a staircase to the Elven Halls.
 25374 | Orc:2    | Found a frozen archway.
 25388 | Orc:2    | Reached ***** piety under Sif Muna
 25404 | IceCv    | Entered an ice cave
 25603 | Gauntlet | Entered a Gauntlet
 25603 | Gauntlet | Found a transporter.
 25614 | Gauntlet | Found a transporter.
 25627 | Gauntlet | Found a transporter.
 25632 | Gauntlet | Found a transporter.
 25647 | Gauntlet | Found a transporter.
 25666 | Gauntlet | Found a transporter.
 25688 | Gauntlet | Found a transporter.
 25693 | Gauntlet | Found a transporter.
 25708 | Gauntlet | Found a transporter.
 25720 | Gauntlet | Found a transporter.
 25732 | Gauntlet | Found a transporter.
 25751 | Gauntlet | Found a transporter.
 25766 | Gauntlet | Found a transporter.
 25768 | Gauntlet | Found a transporter.
 25797 | Gauntlet | Found a transporter.
 25799 | Gauntlet | Found a transporter.
 25801 | Gauntlet | Found a transporter.
 25831 | Gauntlet | Found a transporter.
 26585 | Orc:2    | Received a gift from Sif Muna
 26589 | Orc:2    | Reached skill level 5 in Stealth
 26696 | Orc:2    | Got Sif Muna's Information on Septic Curses {god gift}
 26949 | Orc:2    | Learned a level 5 spell: Irradiate
 27219 | Orc:2    | Found Macizogg's Armour Shop.
 27219 | Orc:2    | Found Vuesch's Weapon Emporium.
 27221 | Orc:2    | Found Zefongass's General Store.
 27221 | Orc:2    | Found Dyzxyem's Jewellery Emporium.
 27229 | Orc:2    | Bought a scroll of teleportation for 30 gold pieces
 27232 | Orc:2    | Bought 6 curare-tipped darts for 108 gold pieces
 27419 | D:3      | Noticed Natasha
 27422 | D:3      | Killed Natasha
 27469 | D:2      | Bought a book of Hexes for 504 gold pieces
 27477 | D:2      | Learned a level 7 spell: Enfeeble
 27523 | D:1      | Bought a potion of magic for 152 gold pieces
 27740 | D:11     | Found a one-way gate to the infinite horrors of the Abyss.
 27740 | D:11     | Identified the +2 dagger "Kuqumn" {distort, Str+8}
 27995 | D:11     | Found a large runed translucent door.
 27995 | D:11     | Found a large runed translucent door.
 27999 | D:11     | Found a corrupted altar of Lugonu.
 27999 | D:11     | Noticed Erica
 28047 | D:11     | Learned a level 4 spell: Summon Blazeheart Golem
 28099 | D:11     | Found Cesmopti's General Store.
 28242 | D:11     | Bought a scroll of identify for 28 gold pieces
 28242 | D:11     | Bought a scroll of identify for 28 gold pieces
 28242 | D:11     | Bought a potion of brilliance for 56 gold pieces
 28242 | D:11     | Bought a scroll of torment for 133 gold pieces
 28349 | D:11     | Reached skill level 1 in Summonings
 29818 | D:13     | Found a gate to the Vaults.
 31041 | D:14     | Reached XP level 15. HP: 88/97 MP: 24/24
 31921 | D:15     | Entered Level 15 of the Dungeon
 32087 | D:15     | Received a gift from Sif Muna
 32107 | D:15     | Reached skill level 15 in Dodging
 32142 | D:15     | Got Sif Muna's Papyrus of the Metallic Entourage {god gift}
 32306 | D:15     | Found a staircase to the Depths.
 33394 | Lair:3   | Found a staircase to the Snake Pit.
 33672 | Lair:3   | Reached skill level 15 in Hexes
 33861 | Snake:1  | Entered Level 1 of the Snake Pit
 34027 | Snake:1  | Identified the serpent talisman "Zedissic" {Will+}
 34027 | Snake:1  | Noticed Aizul
 34070 | Snake:1  | Killed Aizul
 34517 | Snake:1  | Noticed Kirke
 34527 | Snake:1  | Killed Kirke
 35021 | Snake:1  | Reached XP level 16. HP: 104/104 MP: 25/25
 35458 | Snake:2  | Found Xulappur's General Store.
 35638 | Snake:2  | Bought a scroll of fear for 56 gold pieces
 35638 | Snake:2  | Bought a potion of haste for 140 gold pieces
 35638 | Snake:2  | Bought 5 curare-tipped darts for 84 gold pieces
 35653 | Snake:2  | Reached skill level 5 in Invocations
 35721 | Snake:2  | Received a gift from Sif Muna
 35722 | Snake:2  | Reached skill level 16 in Dodging
 35722 | Snake:2  | Got Sif Muna's Book of Ill Luck {god gift}
 35728 | Snake:2  | Found Butworr's Antique Weapon Boutique.
 36485 | Snake:3  | Identified the +6 mace "Gemous" {freeze, rElec rC+ Int+4}
 36699 | Snake:3  | Identified the ring "Jeumimp" {rN+ rCorr Dex+6}
 36837 | Snake:3  | Found Qusyap's General Store.
 36987 | Snake:3  | Found Yriukh's General Store.
 36995 | Snake:3  | Found Pamiyhea's Magic Scroll Boutique.
 37003 | Snake:3  | Bought a scroll of poison for 60 gold pieces
 37003 | Snake:3  | Bought a scroll of teleportation for 45 gold pieces
 37003 | Snake:3  | Bought a scroll of revelation for 112 gold pieces
 37194 | Snake:4  | Entered Level 4 of the Snake Pit
 37698 | Snake:4  | Identified the +1 scale mail of the Bagpipe {rElec Str+3}
 37777 | Snake:4  | Received a gift from Sif Muna
 37819 | Snake:4  | Got Velo's Essays on Kinetic Malediction {god gift}
 38499 | Snake:4  | Reached XP level 17. HP: 99/111 MP: 5/27
 39195 | Snake:4  | Got a serpentine rune of Zot
 39564 | Swamp:1  | Entered Level 1 of the Swamp
 39592 | Swamp:1  | Learned a level 8 spell: Discord
 39756 | Swamp:1  | Reached skill level 17 in Dodging
 40872 | Swamp:2  | Reached ****** piety under Sif Muna
 40882 | Swamp:2  | Received a gift from Sif Muna
 41559 | Swamp:2  | Got Sif Muna's Guide on Excavation and Venom {god gift}
 41965 | Elf:1    | Entered Level 1 of the Elven Halls
 42283 | Elf:2    | Found a portal to a secret trove of treasure.
 42539 | Elf:2    | Reached XP level 18. HP: 118/118 MP: 30/30
 43253 | Vaults:1 | Entered Level 1 of the Vaults
 43332 | Vaults:1 | Reached skill level 15 in Fighting
 43649 | Vaults:1 | Learned a level 5 spell: Yara's Violent Unravelling
 43908 | Vaults:1 | Received a gift from Sif Muna
 43911 | Vaults:1 | Got Sif Muna's Precepts of Company and Charms {god gift}
 44669 | Vaults:1 | Reached skill level 18 in Dodging
 44687 | Vaults:1 | Identified the +0 helmet of the Farmer {rPois rN+}
 45026 | Vaults:2 | Reached skill level 10 in Invocations
 45218 | Vaults:2 | Found a staircase to the Crypt.
 45560 | Vaults:2 | Reached skill level 1 in Alchemy
 45610 | Vaults:2 | Reached skill level 10 in Spellcasting
 45726 | Vaults:2 | Found a large runed translucent door.
 45726 | Vaults:2 | Found a large runed translucent door.
 45727 | Vaults:2 | Found a large runed translucent door.
 45727 | Vaults:2 | Noticed Forgeling's ghost (adept FeEn)
 45728 | Vaults:2 | Found a large runed translucent door.
 45728 | Vaults:2 | Found a large runed translucent door.
 45729 | Vaults:2 | Found a large runed translucent door.
 45729 | Vaults:2 | Found a large runed translucent door.
 45729 | Vaults:2 | Found a large runed translucent door.
 45746 | Vaults:2 | Killed Forgeling's ghost
 45779 | Vaults:2 | Identified the +1 hat "Yggumm" {SInv}
 45815 | Vaults:2 | Received a gift from Sif Muna
 45818 | Vaults:2 | Got Sif Muna's Reference Book on the Breezy Swarm {god
                  | gift}
 45857 | Vaults:2 | Reached XP level 19. HP: 124/124 MP: 24/33
 46511 | Vaults:3 | Identified the +3 battleaxe "Guhaprac" {venom, Dex+4}
 46862 | Vaults:3 | Noticed Margery
 46867 | Vaults:3 | Killed a hellephant
 46960 | Vaults:3 | Killed Margery
 47028 | Vaults:3 | Found Puqoschia's Magic Scroll Shop.
 47163 | Vaults:3 | Noticed Norris
 47166 | Vaults:3 | Killed Norris
 47173 | Vaults:3 | Reached skill level 5 in Translocations
 47490 | Vaults:3 | Learned a level 4 spell: Iskenderun's Mystic Blast
 47583 | Vaults:3 | Found a transporter.
 47609 | Vaults:3 | Noticed GordonOverkill's ghost (adept FoDe)
 47629 | Vaults:3 | Found a transporter.
 47860 | Vaults:3 | Found Edghef's Weapon Shoppe.
 48129 | Vaults:4 | Received a gift from Sif Muna
 48130 | Vaults:4 | Got Sif Muna's Collected Works on Malediction {god gift}
 48144 | Vaults:4 | Reached skill level 19 in Dodging
 48217 | Vaults:4 | Noticed Saint Roka
 48236 | Vaults:4 | Killed Saint Roka
 48890 | Vaults:4 | Reached XP level 20. HP: 125/132 MP: 30/35
 49604 | Elf:1    | Found a radiant altar of Vehumet.
 50234 | Elf:2    | Found a runed translucent gate.
 50234 | Elf:2    | Found a runed translucent gate.
 50234 | Elf:2    | Found a runed translucent gate.
 50340 | Elf:3    | Entered Level 3 of the Elven Halls
 50638 | Elf:3    | Received a gift from Sif Muna
 50639 | Elf:3    | Got Sif Muna's Dissertation on the Crevasse and Beguiling
                  | {god gift}
 51417 | Elf:3    | Identified the ring "Tiroywi" {rPois Will+ MP+9 Dex+3}
 51826 | Elf:3    | Identified the +1 robe of the Eternal Void {rF- Str+3
                  | Dex+8}
 51833 | Elf:3    | Identified the +4 battleaxe "Tekem" {heavy, SInv}
 51865 | Elf:3    | Identified the +8 mace of Ignis's Felicitations {speed,
                  | rN++ Int+3}
 51873 | Elf:3    | Identified the amulet of Luwneq {Fly rElec rPois Regen+
                  | Str-5}
 51878 | Elf:3    | Identified the +3 spear of Equivalence {speed, ^Contam Fly
                  | rPois Stlth+}
 51889 | Elf:3    | Identified the orb of the Hart {guile, rF++ MP+9}
 52122 | Elf:3    | Identified the +2 orcbow of Ylaicyrheu {drain, Int+3 Dex+6}
 53090 | Swamp:3  | Reached skill level 5 in Conjurations
 53136 | Swamp:3  | Received a gift from Sif Muna
 53139 | Swamp:3  | Got Sif Muna's Essays on Points {god gift}
 53472 | Swamp:4  | Entered Level 4 of the Swamp
 53516 | Swamp:4  | Learned a level 1 spell: Apportation
 53812 | Swamp:4  | Reached skill level 10 in Stealth
 54074 | Swamp:4  | Identified the +4 morningstar "Worm" {freeze, ^Contam
                  | *Noise rPois Int+6}
 54103 | Swamp:4  | Got a decaying rune of Zot
 54309 | Swamp:4  | Reached XP level 21. HP: 138/138 MP: 37/37
 54312 | Swamp:4  | Received a gift from Sif Muna
 54313 | Swamp:4  | Got Doddoige's Quarto of the Undead {god gift}
 54692 | Crypt:1  | Entered Level 1 of the Crypt
 55026 | Crypt:1  | Reached skill level 5 in Alchemy
 55852 | Crypt:2  | Reached skill level 20 in Dodging
 55949 | Crypt:2  | Noticed Jory
 56178 | Crypt:2  | Killed Jory
 56334 | Crypt:3  | Entered Level 3 of the Crypt
 56353 | Crypt:3  | Received a gift from Sif Muna
 56354 | Crypt:3  | Got Asmodeus's Vademecum on the Bonfire {god gift}
 56529 | Crypt:3  | Found a staircase to the Tomb.
 57290 | Crypt:3  | Noticed a dread lich
 57295 | Crypt:3  | Identified the +6 long sword "Apheonub" {flame, *Noise rN+
                  | Str+2}
 57310 | Crypt:3  | Identified the +9 short sword "Fenueqog" {flame, rC+ Int+3}
 57975 | Snake:3  | Bought 2 scrolls of acquirement for 1560 gold pieces
 57975 | Snake:3  | Acquired 1106 gold pieces
 57977 | Snake:3  | Acquired the ring of the King {rC+ Int+6 Dex+5 Slay+2}
 58331 | Depths:1 | Entered Level 1 of the Depths
 58375 | Depths:1 | Found a magical portal.
 58384 | WizLab   | Entered Tukima's Studio
 58392 | WizLab   | Learned a level 5 spell: Irradiate
 58689 | WizLab   | Gained mutation: You are dopey. (Int -2) [mutagenic glow]
 58705 | WizLab   | Lost mutation: You are dopey. (Int -2) [potion of mutation]
 58705 | WizLab   | Lost mutation: You are vulnerable to cold. (rC-) [potion of
                  | mutation]
 58705 | WizLab   | Gained mutation: You are agile. (Dex +4, Str/Int -1)
                  | [potion of mutation]
 58705 | WizLab   | Gained mutation: Armour fits poorly on your strangely
                  | shaped body. [potion of mutation]
 58705 | WizLab   | Gained mutation: Your spells are a little harder to cast,
                  | but a little more powerful. [potion of mutation]
 58806 | WizLab   | Identified the +4 pair of boots of the Bard {Will++ Dex+3}
 58842 | WizLab   | Noticed RepoMan's illusion
 59175 | Depths:1 | Reached XP level 22. HP: 145/145 MP: 39/39
 59305 | Depths:1 | Found Zual's Book Shoppe.
 59331 | Depths:1 | Bought a manual of Spellcasting for 1120 gold pieces
 59408 | Depths:1 | Found a gateway to Hell.
 59482 | Depths:1 | Found a burning altar of Makhleb.
 59640 | Depths:2 | Received a gift from Sif Muna
 59755 | Depths:2 | Found a one-way gate leading to the halls of Pandemonium.
 59775 | Depths:2 | Found a one-way gateway to a ziggurat.
 59808 | Depths:2 | Identified the +7 sling of Piph {flame, rPois rCorr}
 59812 | Depths:2 | Noticed Vv
 59933 | Depths:2 | Killed Vv
 60305 | Depths:2 | Identified the +8 chain mail of Divu {*Corrode rElec rC+
                  | Int+4}
 60454 | Depths:2 | Received a gift from Sif Muna
 60458 | Depths:2 | Got Sif Muna's Compendium of the Charnel House and Position
                  | {god gift}
 60779 | Depths:3 | Noticed a golden dragon
 60782 | Depths:3 | Killed a golden dragon
 60939 | Depths:3 | Reached skill level 21 in Dodging
 61202 | Depths:3 | Noticed a golden dragon
 61210 | Depths:3 | Killed a golden dragon
 61260 | Depths:3 | Noticed Parghit
 61284 | Depths:3 | Killed Parghit
 61342 | Depths:3 | Noticed a juggernaut
 61352 | Depths:3 | Noticed a juggernaut
 61357 | Depths:3 | Killed a juggernaut
 61412 | Depths:3 | Noticed a caustic shrike
 61427 | Depths:3 | Killed a caustic shrike
 61886 | Depths:3 | Reached skill level 15 in Spellcasting
 61914 | Depths:3 | Reached XP level 23. HP: 152/152 MP: 22/42
 62014 | Depths:3 | Killed a juggernaut
 62083 | Depths:3 | Reached skill level 15 in Stealth
 62122 | Depths:3 | Identified the +0 pair of gloves of Kaixzioj {rF++ Slay-5}
 62174 | Depths:3 | Identified the +0 robe "Yxtiuh" {Harm Will+ Slay+3}
 62180 | Depths:3 | Identified the +10 short sword "Firozewk" {holy, rF++}
 62312 | Depths:3 | Got the Incunabulum of Glowing Electrocution
 62318 | Depths:3 | Identified the +8 chain mail of the Hills {Regen+ rCorr}
 62366 | Depths:3 | Acquired 919 gold pieces
 62373 | Depths:3 | Identified the ring of Vuki {rElec Will+ MP+9 Int+3}
 62459 | Depths:3 | Received a gift from Sif Muna
 62627 | Depths:4 | Entered Level 4 of the Depths
 62709 | Depths:4 | Noticed the Enchantress
 62712 | Depths:4 | Killed the Enchantress
 62862 | Depths:4 | Noticed Boris
 62867 | Depths:4 | Killed Boris
 63195 | Depths:4 | Found a gate to the Realm of Zot.
 63286 | Depths:4 | Received a gift from Sif Muna
 63287 | Depths:4 | Got Sif Muna's Compendium of the Gargoyle and the Iceberg
                  | {god gift}
 63423 | Depths:4 | Reached skill level 10 in Fire Magic
 63509 | Depths:4 | Found Xaygaoc's Jewellery Emporium.
 63509 | Depths:4 | Found Qaonkig's Book Boutique.
 63510 | Depths:4 | Found Riraem's Book Boutique.
 63519 | Depths:4 | Bought Maxwell's Memoranda for 680 gold pieces
 63777 | Depths:4 | Found a bloodstained altar of Trog.
 63857 | Depths:3 | Learned a level 6 spell: Starburst
 64216 | Slime:1  | Entered Level 1 of the Pits of Slime
 64431 | Slime:5  | Entered Level 5 of the Pits of Slime
 64564 | Slime:5  | Reached skill level 1 in Armour
 64634 | Slime:5  | Received a gift from Sif Muna
 64643 | Slime:5  | Noticed the Royal Jelly
 64658 | Slime:5  | Killed the Royal Jelly
 64680 | Slime:5  | Found the +3 crown of Dyrovepreva {rElec Int+2 SInv}
 64697 | Slime:5  | Identified the +6 battleaxe of Peckalla {heavy, Dex+3}
 64698 | Slime:5  | Got a starry gem with 120 turns to spare
 64700 | Slime:5  | Got a slimy rune of Zot
 64754 | Slime:5  | Identified the +9 scimitar of Trial by Ordeal {venom,
                  | rCorr}
 64759 | Slime:5  | Identified the +6 war axe "Urphockykh" {drain, Str+3
                  | Stlth+}
 64760 | Slime:5  | Identified the +2 mace of a Gauntlet {venom, ^Drain rPois
                  | rCorr Str+5}
 64816 | Slime:4  | Lost the starry gem through the power of Zot.
 65126 | Vaults:5 | Entered Level 5 of the Vaults
 65137 | Vaults:5 | Reached XP level 24. HP: 159/159 MP: 43/43
 65149 | Vaults:5 | Received a gift from Sif Muna
 65150 | Vaults:5 | Got Sif Muna's Compilation of the Shot {god gift}
 65351 | Vaults:5 | Identified the +8 shortbow of Miptyif {heavy, ^Contam Fly
                  | rCorr}
 65362 | Vaults:5 | Noticed an ancient lich
 65369 | Vaults:5 | Killed an ancient lich
 65835 | Vaults:5 | Got a silver rune of Zot
 65844 | Vaults:5 | Identified the staff "Edypso" {rElec Earth}
 65914 | Vaults:5 | Received a gift from Sif Muna
 65915 | Vaults:5 | Got Sif Muna's Guidebook on Electric Anthracomancy {god
                  | gift}
 66402 | Vaults:5 | Learned a level 5 spell: Fireball
 66402 | Vaults:5 | Acquired 955 gold pieces
 66410 | Vaults:5 | Learned a level 4 spell: Fulminant Prism
 66721 | Zot:1    | Entered Level 1 of the Realm of Zot
 66806 | Zot:1    | Noticed an orb of fire
 66815 | Zot:1    | Gained mutation: Potions are less effective at restoring
                  | your health. [an orb of fire]
 66823 | Zot:1    | Gained mutation: You are frail. (-10% HP) [an orb of fire]
 66825 | Zot:1    | Lost mutation: Your spells are a little harder to cast, but
                  | a little more powerful. [an orb of fire]
 66833 | Zot:1    | Killed an orb of fire
 66842 | Zot:1    | Lost mutation: Potions are less effective at restoring your
                  | health. [potion of mutation]
 66842 | Zot:1    | Lost mutation: Armour fits poorly on your strangely shaped
                  | body. [potion of mutation]
 66842 | Zot:1    | Gained mutation: You are very agile. (Dex +8, Str/Int -2)
                  | [potion of mutation]
 66842 | Zot:1    | Gained mutation: You sometimes lose your temper in combat.
                  | [potion of mutation]
 66842 | Zot:1    | Gained mutation: You expend magic power (3 MP) to
                  | strengthen your wands. [potion of mutation]
 66843 | Zot:1    | Lost mutation: You sometimes lose your temper in combat.
                  | [potion of mutation]
 66843 | Zot:1    | Lost mutation: You are very agile. (Dex +8, Str/Int -2)
                  | [potion of mutation]
 66843 | Zot:1    | Gained mutation: You are resistant to electric shocks.
                  | (rElec) [potion of mutation]
 66843 | Zot:1    | Gained mutation: Your muscles are strong. (Str +4, Int/Dex
                  | -1) [potion of mutation]
 66843 | Zot:1    | Gained mutation: Your spells are a little harder to cast,
                  | but a little more powerful. [potion of mutation]
 67858 | Zot:2    | Reached skill level 22 in Dodging
 68365 | Zot:3    | Reached XP level 25. HP: 145/145 MP: 41/43
 68387 | Zot:3    | Found the +4 dragonskin cloak
 68387 | Zot:3    | Noticed Tiamat
 68521 | Zot:3    | Received a gift from Sif Muna
 68680 | Zot:3    | Noticed an orb of fire
 68681 | Zot:3    | Killed an orb of fire
 68701 | Zot:3    | Killed Tiamat
 69849 | Zot:4    | Noticed an orb of fire
 69871 | Zot:3    | Lost mutation: You are frail. (-10% HP) [potion of
                  | mutation]
 69871 | Zot:3    | Lost mutation: You are resistant to electric shocks.
                  | (rElec) [potion of mutation]
 70281 | Tomb:1   | Entered Level 1 of the Tomb of the Ancients
 70371 | Tomb:1   | Received a gift from Sif Muna
 70634 | Tomb:1   | Noticed a royal mummy
 70637 | Tomb:1   | Noticed a royal mummy
 70645 | Tomb:1   | Killed a royal mummy
 70651 | Tomb:1   | Killed a royal mummy
 70652 | Tomb:1   | Reached skill level 23 in Dodging
 70683 | Tomb:1   | Noticed a royal mummy
 70700 | Tomb:1   | Killed a royal mummy
 71017 | Tomb:2   | Noticed a royal mummy
 71017 | Tomb:2   | Noticed a royal mummy
 71017 | Tomb:2   | Received a gift from Sif Muna
 71018 | Tomb:2   | Noticed a royal mummy
 71019 | Tomb:2   | Noticed a royal mummy
 71019 | Tomb:2   | Killed a royal mummy
 71020 | Tomb:2   | Reached skill level 15 in Fire Magic
 71027 | Tomb:2   | Killed a royal mummy
 71029 | Tomb:2   | Killed a royal mummy
 71031 | Tomb:2   | Killed a royal mummy
 71080 | Tomb:2   | Got Sif Muna's Discourse on Grey Calling {god gift}
 71138 | Tomb:2   | Reached XP level 26. HP: 168/173 MP: 18/43
 71409 | Tomb:3   | Entered Level 3 of the Tomb of the Ancients
 71424 | Tomb:3   | Noticed a royal mummy
 71426 | Tomb:3   | Noticed a royal mummy
 71427 | Tomb:3   | Noticed a royal mummy
 71462 | Tomb:3   | Killed a royal mummy
 71465 | Tomb:3   | Noticed a royal mummy
 71470 | Tomb:3   | Noticed a royal mummy
 71474 | Tomb:3   | Killed a royal mummy
 71476 | Tomb:3   | Killed a royal mummy
 71483 | Tomb:3   | Killed a royal mummy
 71492 | Tomb:3   | Noticed a royal mummy
 71498 | Tomb:3   | Killed a royal mummy
 71499 | Tomb:3   | Noticed a royal mummy
 71506 | Tomb:3   | Killed a royal mummy
 71515 | Tomb:3   | Killed a royal mummy
 71516 | Tomb:3   | Noticed a royal mummy
 71518 | Tomb:3   | Noticed a royal mummy
 71521 | Tomb:3   | Killed a royal mummy
 71546 | Tomb:3   | Killed a royal mummy
 71572 | Tomb:3   | Identified the staff of a wizard's laboratory {^Drain rElec
                  | Str+5 Dex+6 Air}
 71577 | Tomb:3   | Identified the +7 trident of Zirhan {flame, Fly Int+4}
 71578 | Tomb:3   | Identified the staff of Fate {rPois Will+ Earth}
 71589 | Tomb:3   | Identified the ring "Ykonu" {rPois Dex+3 Slay+2}
 71629 | Tomb:3   | Got a sanguine gem with 478 turns to spare
 71631 | Tomb:3   | Got a golden rune of Zot
 71666 | Tomb:3   | Identified the ring of the Augurer {Fire rN+ rCorr Dex-5}
 71813 | Crypt:3  | Learned a level 8 spell: Ignition
 72207 | D:1      | Bought the +7 hand cannon "Mule" {flame, backblast, rF+}
                  | for 774 gold pieces
 72207 | D:1      | Found the +7 hand cannon "Mule" {flame, backblast, rF+}
 72469 | D:11     | Bought a phantom mirror for 560 gold pieces
 72728 | Snake:2  | Bought a potion of curing for 42 gold pieces
 72728 | Snake:2  | Bought a phial of floods for 560 gold pieces
 73083 | Pan      | Entered Pandemonium
 73083 | Pan      | Noticed Ignacio
 73086 | Pan      | Killed Ignacio
 73102 | Pan      | Noticed Fitoqiybia the pandemonium lord
 73113 | Pan      | Reached skill level 10 in Conjurations
 73120 | Pan      | Killed Fitoqiybia the pandemonium lord
 73233 | Pan      | Noticed Keustyco the pandemonium lord
 73245 | Pan      | Killed Keustyco the pandemonium lord
 73341 | Pan      | Found an exit through the horrors of the Abyss.
 73667 | Pan      | Found an exit through the horrors of the Abyss.
 73757 | Pan      | Entered the realm of Mnoleg.
 73845 | Pan      | Gained mutation: Armour fits poorly on your strangely
                  | shaped body. [a cacodemon]
 73895 | Pan      | Noticed Mnoleg
 73902 | Pan      | Killed Mnoleg
 73910 | Pan      | Got a glowing rune of Zot
 74020 | Pan      | Noticed Mennas
 74282 | Pan      | Killed from afar by a Tzitzimitl

Illustrated notes

Levels and vault maps discovered:
D:1:      eino_arrival_water_cross, layout_loops_ring, basic_ecumenical_altar,
          serial_shops, shop, shop, shop, nicolae_shop_dealshenge,
          nicolae_shop_rolled_up, nicolae_nh_oracle_at_delphi
D:2:      cheibrodos_old_hovel, layout_loops_ring, serial_shops, shop,
          grunt_decor_fettered
D:3:      layout_loops_corners, minmay_mini_jars, uniq_natasha
D:4:      layout_loops_ring, nzn_overflow_gifts_of_might_and_magic,
          serial_bayou_pond_a, nicolae_elevator_lobby_plus, uniq_eustachio
D:5:      layout_rooms, minmay_temple_entry_statues_pillars,
          mainiacjoe_sewer_entry_somewhere_in_here_1, uniq_pikel, uniq_grinder
D:6:      layout_layer_cave, chequers_avenue
D:7:      layout_gridville, mainiacjoe_overflow_concentric_impassable
D:8:      layout_basic, uniq_grum, uniq_maurice, uniq_prince_ribbit1
D:9:      minmay_goldmine, layout_basic, mainiacjoe_overflow_tiny_flanked,
          vehumet_altar_wand_db, kennysheep_orc_monster_closet_entryway
D:10:     layout_roguey, david_lair_generic, serial_shops,
          nicolae_shop_gibbet_a_chance
D:11:     due_chaos_kobolds, layout_rooms, nicolae_inconvenience_store,
          grunt_ministairs_8, uniq_erica
D:12:     layout_cave_pods, hangedman_abyss_or_decor_passed
D:13:     layout_long_grid, david_vaults_2, nicolae_zig_zag_zippers
D:14:     layout_stronghold, chequers_serial_rivers_small_a
D:15:     hangedman_depths_entry_civil_slaughter, layout_basic,
          serial_bayou_shore_a
Temple:   minmay_temple_bridge_d
Lair:1:   layout_cave_pods, hellmonk_guarded_unrand_zhor, grunt_megastairs_4
Lair:2:   layout_cave_pods, grunt_megastairs_1
Lair:3:   nzn_winding_woodlands_medium [nzn_winding_woodlands_5x5_cross,
          nzn_winding_woodlands_5x15_pathside_ponds,
          nzn_winding_woodlands_5x5_open_star, nzn_winding_woodlands_5x5_three,
          nzn_winding_woodlands_center_triple_pond,
          nzn_winding_woodlands_5x5_perimeter,
          nzn_winding_woodlands_5x5_checkerboard,
          nzn_winding_woodlands_5x15_default, nzn_winding_woodlands_hourglass],
          layout_regular_city, swamp_mist, alex1729_snake_entry_snake,
          gammafunk_ghost_wrathful_warriors, nzn_masters_of_martial_movement
Lair:4:   layout_cave_pods, slime_entry_1
Lair:5:   grunt_lair_end_beastmaster, layout_hall_layers
Swamp:1:  layout_basic_swamp, evilmike_swamp_ruin_house_5
Swamp:2:  layout_falls_marsh, nicolae_swamp_ascending_descending,
          nzn_swamp_dancing_lights, infiniplex_staircase_pool_2,
          nicolae_swamp_long_stream
Swamp:3:  layout_basic_swamp, nicolae_swamp_trees_clearing
Swamp:4:  swamp_fiery, layout_basic_swamp
Snake:1:  layout_basic, uniq_aizul, uniq_kirke
Snake:2:  layout_onion, serial_shops, shop, nicolae_stop_n_shop_1
Snake:3:  layout_grid_shapes, serial_shops, nicolae_shop_just_a_little_nook,
          grunt_megastairs_2, minmay_shop_star
Snake:4:  grunt_snake_rune_spirals, layout_onion_interference,
          serial_bayou_pond_b, corexii_hall_statues_l
Slime:1:  layout_caves
Slime:2:  layout_caves
Slime:3:  layout_caves
Slime:4:  layout_caves, uniq_dissolution
Slime:5:  slime_pit_nicolae_jellycorners
Orc:1:    layout_caves, mines2_david
Orc:2:    grunt_orc_tribal_feast, layout_caves, portal_ice_cave_entry_pillars_2,
          gauntlet_entry_generic
Elf:1:    eino_elf_arrival_shootout, layout_rooms, basic_altar,
          hangedman_elf_disciples
Elf:2:    nicolae_elf_blades_splatter_lattice
          [nicolae_blade_entry_sentries_behind_glass], layout_geoelf_diagonals,
          enter_trove_0
Elf:3:    elf_hall_gauntlet_wide, layout_gridlike
Vaults:1: v_misc_28, serial_ice_g, v_misc_2, nicolae_vaults_little_ls,
          nicolae_vaults_shrinking_rooms_2, v_misc_4, v_pattern_5,
          nicolae_vaults_security_offices_2, vaults_room_semicircle,
          ontoclasm_vaults_pinch, nicolae_vaults_tetromino_L_2,
          vaults_room_stairs_pillars, layout_vaults_omnicross
Vaults:2: advil_vaults_ghost_lines, blue_anna_dwarven_crypt,
          nicolae_vaults_cochlea, ontoclasm_vaults_shuriken,
          nicolae_vaults_more_shelving_2, nicolae_vaults_network_quinsquares
          [nicolae_vaults_network_quincunx_subvault,
          nicolae_vaults_network_quincunx_subvault,
          nicolae_vaults_network_quincunx_subvault,
          nicolae_vaults_network_quincunx_subvault], nicolae_vaults_asterisk,
          hangedman_vaults_capsules, nicolae_vaults_apartment_2,
          v_alt_pattern_3, nicolae_vaults_closet_pinwheel_5,
          nicolae_vaults_cochlea, nicolae_vaults_stairing_the_circle,
          nicolae_vaults_trapezoid_1, nicolae_vaults_prndl,
          nicolae_vaults_rhombus_6, v_pattern_4, layout_vaults_maze_bifur
Vaults:3: gammafunk_ghost_mausoleum, serial_ice_h, v_misc_24,
          nicolae_vaults_prndl, nicolae_vaults_taking_the_gang_shopping,
          nicolae_vaults_weapon_check, vaults_room_hallway,
          nicolae_vaults_yaktaur_gun_rack,
          nicolae_vaults_antechamber_and_loot_room, layout_vaults_omnigrid,
          serial_shops, nicolae_shop_waterfront, uniq_margery, uniq_norris
Vaults:4: nicolae_vaults_trapezoid_3, nicolae_vaults_puzzle_piece, v_misc_28,
          nicolae_vaults_what_the_h, nicolae_vaults_doubleplus_tesselated,
          v_misc_25, v_misc_28, nicolae_vaults_trapezoid_1,
          nicolae_vaults_closet_pinwheel_5, nicolae_vaults_tetromino_Z_1,
          nicolae_vaults_layer_cake_slice, layout_vaults_big_room,
          uniq_saint_roka
Vaults:5: serial_shops
Crypt:1:  layout_gridlike, grunt_ministairs_12, nicolae_crypt_paired_memorials,
          grunt_crypt_arrival_split
Crypt:2:  layout_misc_corridors, minmay_misc_feat_hallway, hex_medium, uniq_jory
Crypt:3:  david_glass_crypt, layout_misc_corridors
Tomb:1
Tomb:2
Tomb:3
Depths:1: layout_gridlike, serial_shops, nicolae_shop_just_a_little_nook,
          infiniplex_enter_wizlab_water, hell_entry, nzn_life_drinkers
Depths:2: minmay_the_grid_net [minmay_the_grid_dragon_b, minmay_the_grid_garden,
          minmay_the_grid_armoury, minmay_the_grid_gridbox,
          minmay_the_grid_square_x, minmay_the_grid_prize_four_corners],
          layout_cave_pools, enter_ziggurat_c, rand_demon_pan_entry_7,
          serial_shops, nicolae_shop_just_a_little_nook, abyss_entry,
          hell_entry, uniq_vv
Depths:3: box_level_dp, abyss_entry, hell_entry, uniq_parghit
Depths:4: grunt_zot_entry_funnels, layout_gridville, serial_rivers,
          chequers_serial_rivers_micro_d, chequers_serial_rivers_micro_d,
          chequers_serial_rivers_micro_a, chequers_serial_rivers_small_b,
          minivault_14, grunt_hell_entry_dis_grunt, tgw_trog, minmay_shop_grove,
          serial_bayou_shore_b, uniq_enchantress, uniq_boris, uniq_grunn
Zot:1:    layout_onion_interference
Zot:2:    layout_misc_corridors
Zot:3:    layout_basic, amethyst_zot_foddershock, uniq_tiamat
Zot:4:    layout_cathedral_of_symmetry, regret_index_zotdec_twisting_globes
Pan:      evilmike_mini_pan_T, layout_pan_divisions_a [pan_division_quadrant_a6,
          pan_division_quadrant_a4, pan_division_quadrant_a5,
          pan_division_quadrant_a6, pan_division_octagon_divided], uniq_ignacio,
          nicolae_pan_mnolegish_5, reaverb_pan_squares, grunt_pan_sceptre,
          layout_chambers, rand_demon_2, layout_irregular_city,
          pan_blood_fountain, evilmike_mini_pan_T, layout_pan_divisions_a
          [pan_division_quadrant_a5, pan_division_quadrant_a4,
          pan_division_quadrant_a2, pan_division_quadrant_a3,
          pan_division_octagon_empty], pan_blood_fountain_small,
          grunt_pan_zigzag, layout_cellular_growth, pan_blood_fountain_small,
          rand_demon_4, layout_gridlike, pan_blood_fountain,
          evilmike_mini_pan_thingy, layout_small_grid,
          evilmike_mini_pan_branches, layout_rooms, mnoleg, layout_small_grid,
          pan_blood_fountain, evilmike_mini_pan_branches, layout_pan_divisions_a
          [pan_division_quadrant_a2, pan_division_quadrant_a1,
          pan_division_quadrant_a2, pan_division_quadrant_a3,
          pan_division_octagon_box], uniq_mennas_pan

Skill      XL: |  1  2  3  4  5  6  7  8  9 10 11 12 13 14 15 16 17 18 19 20 21 22 23 24 25 26 |
---------------+-------------------------------------------------------------------------------+-----
Conjurations   | 1 3 5 7 9 10 | 10.5
Fire Magic     | 3 4 5 6 8 10 12 15 17 | 17.7
Stealth        | 4 6 7 10 13 14 16 17 | 17.7
Hexes          | 1 2 3 6 7 9 10 12 16 18 20 21 | 21.1
Dodging        | 3 4 5 7 9 10 11 13 14 15 16 17 18 19 20 21 22 23 | 23.3
Fighting       | 1 3 5 7 8 9 11 12 13 14 15 16 17 18 19 20 | 20.2
Short Blades   | 4 6 8 10 11 12 13 | 13.3
Spellcasting   | 3 5 6 7 8 10 11 12 13 15 16 17 | 17.5
Invocations    | 3 4 8 9 10 11 12 13 | 13.6
Shields        | 2 4 |  4.4
Translocations | 1 3 4 5 |  5.5
Summonings     | 4 |  4.4
Alchemy        | 1 4 5 |  5.5
Armour         | 1 3 4 |  4.4

Action                     |  1- 3 |  4- 6 |  7- 9 | 10-12 | 13-15 | 16-18 | 19-21 | 22-24 | 25-27 || total
---------------------------+-------+-------+-------+-------+-------+-------+-------+-------+-------++-------
  Melee: Mace              |    20 |    63 |       |       |       |     2 |       |       |       ||    85
         Bite              |     2 |     1 |    14 |    38 |   104 |   157 |    80 |    38 |    33 ||   467
         Staff             |       |     7 |       |     1 |    12 |     1 |       |       |       ||    21
         Dagger            |       |       |    77 |   239 |   486 |   817 |    55 |       |       ||  1674
         Punch             |       |       |     1 |     5 |       |       |       |       |       ||     6
         Long sword        |       |       |       |     1 |       |       |       |       |       ||     1
         Knife             |       |       |       |       |       |       |   417 |   271 |   268 ||   956
  Throw: Stone             |       |     4 |       |       |       |       |       |       |       ||     4
         Dart              |       |     3 |       |    20 |    15 |       |       |     4 |       ||    42
         Boomerang         |       |     1 |       |     3 |       |       |       |       |       ||     4
         Throwing net      |       |       |     1 |     2 |     2 |     1 |       |     2 |     3 ||    11
   Cast: Foxfire           |    59 |    60 |   128 |   251 |   445 |   100 |     2 |     3 |     1 ||  1049
         Scorch            |     1 |    32 |     5 |    28 |   177 |    35 |     1 |     3 |       ||   282
         Inner Flame       |       |    15 |    44 |   113 |   203 |    78 |     2 |     1 |     1 ||   457
         Confusing Touch   |       |       |    12 |    38 |    87 |   119 |    35 |     7 |    30 ||   328
         Blink             |       |       |       |       |     3 |     7 |     3 |     3 |     4 ||    20
         Volatile Blastmot |       |       |       |       |     2 |       |       |       |       ||     2
         Summon Blazeheart |       |       |       |       |     2 |    48 |     2 |     2 |       ||    54
         Enfeeble          |       |       |       |       |     2 |   119 |   232 |   163 |   114 ||   630
         Discord           |       |       |       |       |       |    39 |   104 |    88 |    75 ||   306
         Yara's Violent Un |       |       |       |       |       |    11 |   124 |    61 |    34 ||   230
         Iskenderun's Myst |       |       |       |       |       |       |    52 |    39 |    31 ||   122
         Irradiate         |       |       |       |       |       |       |    13 |    24 |     6 ||    43
         Apportation       |       |       |       |       |       |       |    12 |     3 |     8 ||    23
         Dragon's Call     |       |       |       |       |       |       |       |     1 |       ||     1
         Starburst         |       |       |       |       |       |       |       |     4 |       ||     4
         Fireball          |       |       |       |       |       |       |       |       |     6 ||     6
         Fulminant Prism   |       |       |       |       |       |       |       |       |     1 ||     1
         Shatter           |       |       |       |       |       |       |       |       |     1 ||     1
 Invoke: Channel Magic     |       |       |       |       |       |       |     4 |     2 |     3 ||     9
         Divine Exegesis   |       |       |       |       |       |       |       |     1 |     1 ||     2
Ability: Exsanguinate      |       |       |     1 |       |       |       |       |       |       ||     1
  Evoke: Wand              |       |       |     1 |     2 |    17 |    32 |    28 |    12 |    26 ||   118
         Tin of tremorston |       |       |       |       |     4 |       |       |       |       ||     4
         Sack of spiders   |       |       |       |       |       |       |     1 |       |       ||     1
    Use: Potion            |       |     8 |     1 |     2 |     1 |     7 |     5 |     8 |     9 ||    41
         Scroll            |       |     9 |     2 |     6 |    18 |     9 |     7 |     8 |     9 ||    68
   Stab: Sleeping          |       |     4 |     1 |    10 |    14 |    29 |    42 |    34 |     8 ||   142
         Confused          |       |       |     7 |    25 |    73 |    94 |    22 |     7 |    27 ||   255
         Held in net/web   |       |       |       |     2 |     1 |       |       |     2 |     2 ||     7
         Distracted        |       |       |       |     1 |     1 |     1 |     3 |     3 |     7 ||    16
         Invisible         |       |       |       |       |     3 |   113 |   164 |   119 |   107 ||   506
         Paralysed         |       |       |       |       |     1 |     6 |     3 |     2 |     7 ||    19
 Armour: Robe              |     8 |   102 |    52 |   109 |   225 |   229 |   103 |    30 |       ||   858
         Acid dragon scale |       |       |       |       |       |       |       |    31 |    63 ||    94
  Dodge: Dodged            |     6 |   110 |    72 |   164 |   370 |   605 |   377 |   266 |   279 ||  2249
         Repelled          |       |       |       |       |       |       |     2 |    11 |       ||    13
  Block: Buckler           |       |       |       |     1 |    60 |       |       |       |       ||    61
